 Dungeon Crawl Stone Soup version 0.30-a0-743-gbfdf073431 (webtiles) character file.

Game seed: 6883558567417802248

333 Alatreon the Sneak (level 6, 28/28 HPs)
             Began as a Spriggan Enchanter on Feb 8, 2023.
             Quit the game on level 4 of the Dungeon.
             The game lasted 00:14:19 (3612 turns).

Alatreon the Sneak (Spriggan Enchanter)             Turns: 3612, Time: 00:14:19

Health: 28/28      AC:  3    Str:  4    XL:     6   Next: 27%
Magic:  9/11       EV: 19    Int: 16    God:
Gold:   264        SH:  5    Dex: 18    Spells: 5/10 levels left

rFire   . . .      SeeInvis +    a - +2 dagger
rCold   . . .      Faith    .    (no shield)
rNeg    . . .      Spirit   .    b - +1 robe
rPois   .          Reflect  +    (helmet restricted)
rElec   .          Harm     .    (no cloak)
rCorr   .          Rampage  .    (gloves unavailable)
Will    +....                    (boots unavailable)
Stlth   ++++                     g - amulet of reflection
HPRegen 0.24/turn                (no ring)
MPRegen 0.12/turn                (no ring)

@: very slightly contaminated, very quick
A: very small, no large weapons, unfitting armour, see invisible, speed 3
a: no special abilities


You were on level 4 of the Dungeon.
You visited 2 branches of the dungeon, and saw 5 of its levels.

You collected 264 gold pieces.

Inventory:

Hand Weapons
 a - a +2 dagger (weapon)
 i - a +1 short sword of holy wrath
Armour
 b - a +1 robe (worn)
Jewellery
 c - a ring of positive energy
 g - an amulet of reflection (around neck)
Scrolls
 j - a scroll of enchant armour
Potions
 d - 2 potions of magic
 e - 2 potions of degeneration
 f - a potion of attraction
 h - a potion of haste {unknown}
 k - a potion of ambrosia {unknown}
 m - a potion of mutation {unknown}
 n - a potion of might {unknown}
 o - a potion of cancellation {unknown}


   Skills:
 + Level 2.8 Short Blades
 + Level 4.3 Dodging
 * Level 7.3 Stealth
 - Level 2.8 Spellcasting
 * Level 5.7 Hexes


You had 5 spell levels left.
You knew the following spells:

 Your Spells              Type           Power      Damage    Failure   Level
a - Ensorcelled Hibernat  Hex/Ice        22%        N/A       9%          2
b - Confusing Touch       Hex            20%        N/A       5%          3

Your spell library contained the following spells:

 Spells                   Type           Power      Damage    Failure   Level
 Tukima's Dance           Hex            20%        N/A       5%          3
 Foxfire                  Conj/Fire      8%         2x1d4     19%         1
 Dazzling Flash           Conj/Hex       22%        N/A       19%         3
 Spider Form              Tmut/Pois      2%         N/A       50%         3
 Swiftness                Air            2%         N/A       50%         3
 Anguish                  Hex/Necr       5%         N/A       52%         4
 Fulminant Prism          Conj/Hex       5%         3d7       52%         4
 Silence                  Hex/Air        5%         N/A       86%         5
 Summon Lightning Spire   Summ/Air       2%         N/A       88%         4


Dungeon Overview and Level Annotations

Branches:
Dungeon (4/15)             Temple (1/1) D:4

Altars:
Cheibriados
Hepliaklqana
Kikubaaqudgha
Makhleb
Nemelex Xobeh
Sif Muna
Trog
Uskayaw
Vehumet
Wu Jian
Xom
Yredelemnul
The Shining One

Shops:
D:1 [

Annotations:
D:3 Grinder
D:4 Sigmund


Innate Abilities, Weirdness & Mutations

You are very small and have problems with some larger weapons.
You are too small for most types of armour.
You have supernaturally acute eyesight. (SInv)
You cover ground extremely quickly. (Speed+++)


Message History

Casting: Ensorcelled Hibernation (safe; 9% risk of failure)
Confirm with . or Enter, or press ? or * to list all spells.
Aiming: Ensorcelled Hibernation (safe; 9% risk of failure)
Press: ? - help, Shift-Dir - straight line, f/p - iguana
Aim: an iguana (chance to affect: 53%)
The iguana resists with significant effort.
Unknown command.
Casting: Ensorcelled Hibernation (safe; 9% risk of failure)
Confirm with . or Enter, or press ? or * to list all spells.
Aiming: Ensorcelled Hibernation (safe; 9% risk of failure)
Press: ? - help, Shift-Dir - straight line, f/p - iguana
Aim: an iguana (chance to affect: 53%)
The iguana looks drowsy...
The helpless iguana fails to defend itself.
You stick the iguana like a pincushion!!!
You kill the iguana!
You start resting.
You hear the rusting of a distant drain.
You start resting.
Magic restored.
You see here an iguana corpse.
The howler monkey howls!
The howler monkey hoots and howls with incredible vigour!
You hear a shout! x2; You hear a bark!
You hear a shout!
You hear an angry hiss.
You hear a shout! x2
Unknown command.
Casting: Ensorcelled Hibernation (safe; 9% risk of failure)
Confirm with . or Enter, or press ? or * to list all spells.
Aiming: Ensorcelled Hibernation (safe; 9% risk of failure)
Press: ? - help, Shift-Dir - straight line, f - howler monkey
Aim: a howler monkey (catching its breath, chance to affect: 53%)
You miscast Ensorcelled Hibernation.
You are very lightly contaminated with residual magic.
Nothing appears to happen.
Sigmund the Dreaded comes into view.
He is wielding a +0 scythe, wearing a +2 robe of fire resistance and carrying a wand of roots (8).
The howler monkey completely misses you.
The howler monkey hoots and howls with incredible vigour!
You hear a bark! x2; You hear a shout!
You see here an iguana corpse.
Are you sure you want to abandon this character and quit the game? (Confirm with "yes".)

#.......<<..#####.
#..............##
+................
#..............###. #######
#................@.
#8...8#####.................
#...†.#...#.................
...>....⌠..................#
#.....#...#.....@..h.......#
#8...8########.####.........
########.........##.........
.........###.....#####.......
..$......# #.....### .......
###....... #.......# .......
###....... #.......###......
.$#....... ####............#
..#......######.........#####


You could see a howler monkey (catching breath).

Vanquished Creatures
  A phantom (D:4)
  2 orc priests (D:3)
  A jelly (D:4)
  An iguana (D:4)
  An orc wizard (D:3)
  3 gnolls (D:3)
  3 adders
  A worm (D:2)
  8 orcs (D:3)
  5 bats
  3 endoplasms (D:3)
  A giant cockroach (D:4)
  3 goblins
  8 hobgoblins
  4 ball pythons
  5 frilled lizards
  5 kobolds
  7 rats
62 creatures vanquished.

Vanquished Creatures (others)
  3 plants (D:4)
3 creatures vanquished.

Grand Total: 65 creatures vanquished

Notes
Turn   | Place    | Note
-------+----------+-------------------------------------------
     0 | D:1      | Alatreon the Spriggan Enchanter began the quest for the
                  | Orb.
     0 | D:1      | Reached XP level 1. HP: 9/9 MP: 5/5
   149 | D:1      | Found Monuot's Antique Armour Boutique.
   244 | D:1      | Identified a scroll of acquirement
   244 | D:1      | Acquired the Excursus on Conduction and Outbursts
   249 | D:1      | Found a faded altar of an unknown god.
   308 | D:1      | Reached XP level 2. HP: 13/13 MP: 6/6
   317 | D:1      | Learned a level 2 spell: Ensorcelled Hibernation
  1002 | D:2      | Reached skill level 5 in Stealth
  1903 | D:3      | Reached XP level 3. HP: 16/16 MP: 8/8
  2114 | D:3      | Reached XP level 4. HP: 21/21 MP: 7/9
  2117 | D:3      | Noticed Grinder
  2395 | D:3      | Reached skill level 6 in Stealth
  2531 | D:3      | Reached XP level 5. HP: 4/24 MP: 10/10
  2722 | D:3      | Reached skill level 5 in Hexes
  3053 | D:3      | Paralysed by Grinder for 5 turns
  3145 | D:4      | Found a staircase to the Ecumenical Temple.
  3155 | Temple   | Entered the Ecumenical Temple
  3445 | D:4      | Noticed a phantom
  3452 | D:4      | Killed a phantom
  3453 | D:4      | Reached skill level 7 in Stealth
  3453 | D:4      | Reached XP level 6. HP: 28/28 MP: 11/11
  3537 | D:4      | Learned a level 3 spell: Confusing Touch
  3607 | D:4      | Noticed Sigmund
  3612 | D:4      | Quit the game

Illustrated notes

Levels and vault maps discovered:
D:1:      ebering_trefoil_3fold, layout_loops_ring, serial_shops,
          nicolae_shop_overgrown_old_shop,
          hellmonk_ecumenical_altar_heavens_door
D:2:      layout_basic
D:3:      layout_loops_ring, uniq_grinder
D:4:      layout_basic, minmay_temple_entry_antechambers, gup_sewer_entry_glass,
          chequers_big_river, nicolae_titane, uniq_sigmund, uniq_edmund
Temple:   cyrus_circular_temple

Skill      XL: |  1  2  3  4  5 |
---------------+----------------+-----
Dodging        | 3 4 |  4.3
Stealth        | 5 6 7 |  7.3
Hexes          | 4 5 |  5.7
Short Blades   | 2 |  2.8
Spellcasting   | |  2.8

Action                     |  1- 3 |  4- 6 || total
---------------------------+-------+-------++-------
  Melee: Dagger            |    65 |    69 ||   134
         Punch             |     1 |       ||     1
   Cast: Ensorcelled Hiber |    10 |    20 ||    30
    Use: Scroll            |     5 |     3 ||     8
         Potion            |       |     3 ||     3
   Stab: Sleeping          |    25 |    17 ||    42
         Distracted        |     1 |       ||     1
         Invisible         |       |     3 ||     3
 Armour: Robe              |     6 |     6 ||    12
  Dodge: Dodged            |    26 |    35 ||    61
  Block: Other             |     2 |     8 ||    10

Table legend: (Time is in decaauts)
 A = Elapsed time spent in this place.
 B = Non-inter-level travel time spent in this place.
 C = Inter-level travel time spent in this place.
 D = Time resting spent in this place.
 E = Time spent auto-exploring this place.
 F = Levels seen in this place.
 G = Mean time per level.
                   A        B        C        D        E       F      G
               +--------+--------+--------+--------+--------+-----+--------+
         Total |   2591 |   2523 |     68 |    476 |   1209 |   5 |  518.2 |
       Dungeon |   2550 |   2487 |     63 |    476 |   1209 |   4 |  637.5 |
        Temple |     40 |     35 |      5 |      0 |      0 |   1 |   40.0 |
               +--------+--------+--------+--------+--------+-----+--------+

Top non-repeatable levels by time:
     D:3: 962 daAuts
     D:2: 694 daAuts
     D:1: 593 daAuts
     D:4: 299 daAuts
  Temple: 40 daAuts
